 Dungeon Crawl Stone Soup version 0.30-b1-2-g02819fbbbe (webtiles) character file.

Game seed: 2482800228838797137

110 Arcadio the Chopper (level 4, -11/41 HPs)
             Began as a Minotaur Monk on May 12, 2023.
             Was a Believer of the Shining One.
             Mangled by an ice beast (13 damage)
             ... on level 4 of the Dungeon.
             The game lasted 00:03:03 (2189 turns).

Arcadio the Chopper (Minotaur Monk)                 Turns: 2189, Time: 00:03:03

Health: -11/41     AC:  2    Str: 18    XL:     4   Next: 61%
Magic:  3/3        EV: 13    Int:  7    God:    the Shining One [**....]
Gold:   160        SH:  6    Dex: 12    Spells: 3/3 levels left

rFire   . . .        a - +0 hand axe
rCold   . . .        d - orb {light}
rNeg    + . .        b - +0 robe
rPois   .            (helmet restricted)
rElec   .            (no cloak)
rCorr   .            (no gloves)
SInv    .            (no boots)
Will    .....        (no amulet)
Stlth   +            (no ring)
HPRegen 0.26/turn    (no ring)
MPRegen 0.08/turn

%: no passive effects
@: divinely shielded, glowing
A: horns 2, retaliatory headbutt
a: Renounce Religion, Divine Shield


You were on level 4 of the Dungeon.
You worshipped the Shining One.
The Shining One was pleased with you.
You visited 1 branch of the dungeon, and saw 4 of its levels.

You collected 160 gold pieces.

Inventory:

Hand Weapons
 a - a +0 hand axe (weapon)
Armour
 b - a +0 robe (worn)
 d - an orb of light (worn)
Wands
 s - a wand of flame (19)
 t - a wand of iceblast (3)
Scrolls
 e - a scroll of magic mapping {unknown}
 f - a scroll of blinking {unknown}
 g - a scroll of butterflies {unknown}
 h - a scroll of torment {unknown}
 i - 2 scrolls of teleportation
 j - a scroll of identify {unknown}
 k - a scroll of noise {unknown}
 l - a scroll of vulnerability {unknown}
 m - a scroll of enchant armour {unknown}
 r - a scroll of enchant weapon {unknown}
 u - 2 scrolls of fear {unknown}
Potions
 n - a potion of heal wounds
 o - a potion of flight {unknown}
 p - a potion of brilliance {unknown}
 q - a potion of haste {unknown}


   Skills:
 + Level 4.8 Fighting
 + Level 4.8 Axes
 + Level 4.3 Dodging


You had 3 spell levels left.
You didn't know any spells.
Your spell library contained the following spells:

 Spells                   Type           Power      Damage    Failure   Level
 Simulacrum               Ice/Necr       0%         N/A       100%        6
 Ozocubu's Refrigeration  Ice            0%         4d7       100%        7
 Polar Vortex             Ice            0%         N/A       100%        9


Dungeon Overview and Level Annotations

Branches:
Dungeon (4/15) Zot: 21799
 Temple: D:4-7

Altars:
Trog
The Shining One

Shops:
D:1 [

Annotations:
D:4 Edmund


Innate Abilities, Weirdness & Mutations

You have a pair of horns on your head.
You reflexively headbutt those who attack you in melee.


Message History

* * * LOW HITPOINT WARNING * * *
You are confused.
You feel invigorated. The ice beast completely misses you.
The kobold completely misses you.
You're too confused to move!
The ice beast hits you.
* * * LOW HITPOINT WARNING * * *
The ice beast freezes you! The Shining One protects you from harm!
The kobold hits you but does no damage. The kobold barely misses you.
You hit the ice beast but do no damage. You headbutt the ice beast.
The ice beast is severely wounded.
You hit the kobold but do no damage.
You feel less invigorated.
You feel less confused. The ice beast hits you. The ice beast freezes you!
* * * LOW HITPOINT WARNING * * *
You block the kobold's attack. The kobold attacks as you move away!
You block the kobold's attack. The ice beast attacks as you move away!
The ice beast hits you but does no damage.
The kobold attacks as you move away! The kobold hits you but does no damage.
Edmund attacks as you move away! You block Edmund's attack.
The kobold attacks as you move away! The kobold hits you with a +0 club.
* * * LOW HITPOINT WARNING * * *
The kobold throws a stone.
The stone hits you but does no damage.
It was a potion of heal wounds.
You feel much better. The ice beast hits you. The ice beast freezes you.
You barely miss the ice beast.
The ice beast is severely wounded.
The ice beast hits you. The ice beast freezes you!
The ice beast closely misses you. The kobold attacks as you move away!
The kobold hits you with a +0 club.
* * * LOW HITPOINT WARNING * * *
The kobold throws a stone.
The stone hits you.
* * * LOW HITPOINT WARNING * * *
There is a stone staircase leading up here.
The ice beast hits you.
* * * LOW HITPOINT WARNING * * *
The ice beast freezes you!
You die...

......... ..........#
..........# ..........#
#.........# ...........# #
.#..........## .#
.........##@.##.#
..........Y.....#
.......#..###.#.##
............#K.###....#
..........#@.....#..##
.#...##......####.##..#
......#.####.## #...#.#
......#.####..#####...##
......#................###


You could see Edmund, an ice beast and a kobold.

Vanquished Creatures
  4 adders
  A worm (D:3)
  3 dart slugs
  6 orcs (D:3)
  5 bats
  4 endoplasms
  2 giant cockroaches (D:2)
  3 goblins
  6 hobgoblins
  5 quokkas
  6 ball pythons
  A frilled lizard (D:3)
  8 kobolds
  2 rats
56 creatures vanquished.

Notes
Turn   | Place    | Note
-------+----------+-------------------------------------------
     0 | D:1      | Arcadio the Minotaur Monk began the quest for the Orb.
     0 | D:1      | Reached XP level 1. HP: 19/19 MP: 0/0
   126 | D:1      | Reached XP level 2. HP: 17/27 MP: 1/1
   192 | D:1      | Found Noecliok's Armour Boutique.
  1069 | D:2      | Reached XP level 3. HP: 33/33 MP: 2/2
  1104 | D:2      | Found a faded altar of an unknown god.
  1122 | D:2      | Prayed at the altar of an unknown god.
  1122 | D:2      | Became a worshipper of the Shining One
  1122 | D:2      | Reached * piety under the Shining One
  1122 | D:2      | Reached ** piety under the Shining One
  1246 | D:2      | Reached XP level 4. HP: 40/41 MP: 3/3
  1704 | D:3      | Found a bloodstained altar of Trog.
  2159 | D:4      | Noticed Edmund
  2159 | D:4      | Noticed an ice beast
  2171 | D:4      | HP: 2/41 [Edmund/+1 flail of protection (5)]
  2173 | D:4      | The Shining One protects you from harm!
  2178 | D:4      | HP: 2/41 [kobold/+0 club (1)]
  2189 | D:4      | HP: 2/41 [ice beast (5)]
  2189 | D:4      | Mangled by an ice beast

Illustrated notes

Levels and vault maps discovered:
D:1:      saegor_arrival_simple_a, layout_basic, serial_shops, shop,
          minivault_4, grunt_decor_clamped
D:2:      layout_rooms, ebering_ecumenical_altar_abandoned
D:3:      layout_basic, overflow_temple_1_default
D:4:      layout_rooms, mainiacjoe_overflow_concentric_impassable,
          minmay_temple_entry_purple_smoke, kennysheep_generic_room_7,
          uniq_edmund

Skill      XL: |  1  2  3 |
---------------+----------+-----
Fighting       | 4 |  4.8
Axes           | 4 |  4.8
Dodging        | 4 |  4.3

Action                     |  1- 3 |  4- 6 || total
---------------------------+-------+-------++-------
  Melee: Hand axe          |    67 |    40 ||   107
         Headbutt          |    12 |     8 ||    20
 Invoke: Divine Shield     |       |     1 ||     1
    Use: Potion            |       |     2 ||     2
         Scroll            |       |     1 ||     1
 Armour: Robe              |    10 |     7 ||    17
  Dodge: Dodged            |    66 |    39 ||   105
  Block: Orb               |       |     4 ||     4
